 Dungeon Crawl Stone Soup version 0.30.1-11-g7821555f0a (webtiles) character file.

Game seed: 7838619662966340165

738 Anriel the Slasher (level 8, -4/58 HPs)
             Began as a Human Gladiator on Nov 8, 2023.
             Slain by an ogre
             ... wielding a +0 giant club
              (26 damage)
             ... on level 5 of the Dungeon.
             The game lasted 00:17:10 (3947 turns).

Anriel the Slasher (Human Gladiator)                Turns: 3947, Time: 00:17:11

Health: -4/58      AC: 19    Str: 15    XL:     8   Next: 4%
Magic:  8/8        EV:  9    Int:  8    God:
Gold:   198        SH:  0    Dex: 17    Spells: 7/7 levels left

rFire   . . .        a - +0 long sword
rCold   . . .        (no shield)
rNeg    . . .        m - +1 chain mail {rPois}
rPois   +            c - +0 helmet
rElec   .            h - +2 cloak
rCorr   .            j - +0 pair of gloves
SInv    .            b - +2 pair of boots
Will    .....        (no amulet) Stlth
                     (no ring)
HPRegen 0.29/turn    (no ring)
MPRegen 0.11/turn

%: no passive effects
@: no status effects
A: no striking features
a: no special abilities


You were on level 5 of the Dungeon.
You visited 1 branch of the dungeon, and saw 5 of its levels.

You collected 346 gold pieces.
You spent 148 gold pieces at shops.

Inventory:

Hand Weapons
 a - a +0 long sword (weapon)
Missiles
 d - a throwing net
 l - 3 boomerangs (quivered)
Armour
 b - a +2 pair of boots (worn)
 c - a +0 helmet (worn)
 h - a +2 cloak (worn)
 j - a +0 pair of gloves (worn)
 m - a +1 chain mail of poison resistance (worn)
Wands
 n - a wand of polymorph (5)
Scrolls
 k - a scroll of identify
 p - a scroll of fear
Potions
 f - a potion of flight
 g - 2 potions of mutation


   Skills:
 - Level 3.0 Fighting
 * Level 5.6 Long Blades
 - Level 3.0 Throwing
 + Level 4.5 Armour
 + Level 4.4 Dodging


You had 7 spell levels left.
You didn't know any spells.
Your spell library contained the following spells:

 Spells                   Type           Power      Damage    Failure   Level
 Magic Dart               Conj           0%         1d3       99%         1
 Call Imp                 Summ           0%         N/A       100%        2
 Sublimation of Blood     Necr           0%         N/A       100%        2
 Wereblood                Tmut           0%         N/A       100%        2
 Mephitic Cloud           Conj/Pois/Air  0%         N/A       100%        3
 Summon Hydra             Summ           0%         N/A       100%        7


Dungeon Overview and Level Annotations

Branches:
Dungeon (5/15)
 Temple: D:4-7

Altars:

Shops:
D:1 [


Message History

Aim: an orc, wielding a +0 club and wearing a +0 ring mail (65% to hit)
You throw a javelin. The javelin closely misses the hound.
The javelin barely misses the orc.
The javelin pierces through the orc.
The orc is severely wounded.
The hound barely misses you. x2
Unknown command.
Throw: javelin
Press: ? - help, Shift-Dir - straight line, f - ogre, p - orc
Aim: an ogre, wielding a +0 giant club (76% to hit)
You throw a javelin. The javelin pierces through the hound!
The hound is almost dead.
The javelin closely misses the orc. x2; The javelin barely misses the ogre.
The hound barely misses you. The hound closely misses you.
Okay, then.
You slash the hound!
You kill the hound!
You have reached level 8!
You feel agile.
You hit the orc but do no damage.
The orc is heavily wounded.
You hit the orc.
You kill the orc!
You hit the orc.
The orc is heavily wounded.
The orc hits you but does no damage.
You hit the orc.
You kill the orc!
You hit the orc.
You kill the orc!
The ogre closely misses you.
You hit the ogre.
The ogre is moderately wounded.
You hit the ogre.
The ogre is moderately wounded.
The ogre hits you with a +0 giant club!
You hit the ogre.
The ogre is heavily wounded.
The ogre hits you with a +0 giant club!!
You die...

#### ...# ...#
#########
...###.......######
................@.#
...####.#########O#
...# #.# #)..# ...#
..# #.#.# ..>..##.#
#.#.# .....##.^ #..
. .....##.# #.. #.
### #.# #.# .( ..#
#(( ..


You could see an ogre.

Vanquished Creatures
  2 ogres
  A scorpion (D:4)
  A howler monkey (D:4)
  An orc priest (D:5)
  2 hounds
  Jessica (D:2)
  A sleepcap (D:3)
  2 iguanas (D:4)
  Natasha (thrice) (D:3)
  An orc wizard (D:3)
  7 adders
  4 gnolls (D:2)
  A worm (D:2)
  9 orcs
  6 ball pythons
  9 endoplasms
  A giant cockroach (D:3)
  4 hobgoblins
  3 quokkas
  8 bats
  4 frilled lizards
  6 goblins
  5 kobolds
  8 rats
90 creatures vanquished.

Notes
Turn   | Place    | Note
-------+----------+-------------------------------------------
     0 | D:1      | Anriel the Human Gladiator began the quest for the Orb.
     0 | D:1      | Reached XP level 1. HP: 16/16 MP: 1/1
    94 | D:1      | Found Vasetses's Armour Emporium.
   176 | D:1      | Reached skill level 1 in Armour
   176 | D:1      | Reached XP level 2. HP: 22/22 MP: 2/2
   890 | D:2      | Reached XP level 3. HP: 28/28 MP: 3/3
   903 | D:2      | Reached XP level 4. HP: 22/34 MP: 4/4
  1109 | D:2      | Noticed Jessica
  1115 | D:2      | Killed Jessica
  1116 | D:2      | Reached XP level 5. HP: 35/41 MP: 5/5
  1403 | D:1      | Bought a +1 chain mail of poison resistance for 148 gold
                  | pieces
  1574 | D:3      | Noticed an ogre
  1587 | D:3      | HP: 1/41 [ogre/+0 giant spiked club (23)]
  1604 | D:3      | HP: 1/41 [something/puff of flame (5)]
  1858 | D:3      | Reached XP level 6. HP: 23/47 MP: 6/6
  2005 | D:3      | Killed an ogre
  2006 | D:3      | Reached skill level 4 in Long Blades
  2239 | D:3      | Noticed Natasha
  2251 | D:3      | Killed Natasha
  2519 | D:3      | Noticed Natasha
  2525 | D:3      | Killed Natasha
  2526 | D:3      | Reached XP level 7. HP: 52/52 MP: 7/7
  2653 | D:3      | Noticed Natasha
  2664 | D:3      | Killed Natasha
  2866 | D:4      | Reached skill level 5 in Long Blades
  3901 | D:5      | Entered Level 5 of the Dungeon
  3940 | D:5      | Reached XP level 8. HP: 30/58 MP: 8/8
  3947 | D:5      | Slain by an ogre

Illustrated notes

Levels and vault maps discovered:
D:1:      matt_arrival_los_fun, layout_basic, serial_shops, shop,
          minmay_tetromino_i2
D:2:      layout_rooms, serial_forest, infiniplex_forest_lined_corner,
          infiniplex_forest_clump_double, infiniplex_forest_corner_1,
          infiniplex_forest_clump_large, infiniplex_forest_clump_large,
          infiniplex_forest_lined_corner, grunt_decor_resistance, uniq_jessica
D:3:      layout_basic, st_stairs_5, minmay_quadrilaterals, uniq_natasha
D:4:      layout_layer_cave
D:5:      layout_basic, lemuel_tele_altar

Skill      XL: |  1  2  3  4  5  6  7 |
---------------+----------------------+-----
Armour         | 1 2 3 4 |  4.5
Fighting       | 3 |  3.0
Throwing       | 3 |  3.0
Long Blades    | 4 5 |  5.6
Dodging        | 4 |  4.4

Action                     |  1- 3 |  4- 6 |  7- 9 || total
---------------------------+-------+-------+-------++-------
  Melee: Long sword        |    77 |   164 |   105 ||   346
         Punch             |       |     1 |       ||     1
  Throw: Javelin           |     1 |     2 |     5 ||     8
         Throwing net      |       |     3 |       ||     3
         Boomerang         |       |       |     6 ||     6
    Use: Scroll            |     3 |     4 |     2 ||     9
   Stab: Held in net/web   |       |     1 |       ||     1
 Armour: Leather armour    |    15 |       |       ||    15
         Scale mail        |    12 |    26 |       ||    38
         Chain mail        |       |    82 |    67 ||   149
  Dodge: Dodged            |    48 |    86 |    58 ||   192
